 Dungeon Crawl Stone Soup version 0.27-a0-705-ga0013940fb (webtiles) character file.

Game seed: 8836725483866700865

112 banchobear the Bolt Thrower (level 5, -6/32 HPs)
             Began as a Kobold Hunter on Mar 22, 2021.
             Was an Initiate of Yredelemnul.
             Mangled by a two-headed ogre
             ... wielding a +0 giant spiked club
              (18 damage)
             ... on level 4 of the Dungeon.
             The game lasted 00:21:09 (1795 turns).

banchobear the Bolt Thrower (Kobold Hunter)         Turns: 1795, Time: 00:21:10

Health: -6/32      AC: 10    Str:  9    XL:     5   Next: 16%
Magic:  5/5        EV:  6    Int: 13    God:    Yredelemnul [......]
Gold:   68         SH:  0    Dex: 16    Spells: 4/4 levels left

rFire    . . .     SeeInvis .   a - +1 hand crossbow (freeze)
rCold    . . .     Faith    .   (shield restricted)
rNeg     . . .     Spirit   .   i - +0 chain mail
rPois    .         Reflect  .   j - +0 helmet
rElec    .         Harm     .   (no cloak)
rCorr    .         Rampage  .   (no gloves)
Will     .....                  l - +0 pair of boots
Stlth    ..........             (no amulet)
HPRegen  0.10/turn              (no ring)
MPRegen  0.09/turn              (no ring)

@: no status effects
A: small, no large weapons, nightstalker 3
a: Renounce Religion


You were on level 4 of the Dungeon.
You worshipped Yredelemnul.
Yredelemnul was noncommittal.
You visited 1 branch of the dungeon, and saw 4 of its levels.

You collected 68 gold pieces.

Inventory:

Hand Weapons
 a - a +1 hand crossbow of freezing (weapon)
 b - a +0 short sword
 f - a +0 dagger
 m - a +0 hunting sling
Missiles
 d - a bolt (quivered ammo)
 e - 9 arrows
Armour
 c - a +0 leather armour
 g - a +0 robe
 h - a +0 scale mail
 i - a +0 chain mail (worn)
 j - a +0 helmet (worn)
 l - a +0 pair of boots (worn)
Wands
 k - a wand of polymorph (7)


   Skills:
 + Level 3.0 Fighting
 + Level 6.5 Crossbows
 + Level 1.0 Armour
 + Level 2.6 Dodging
 + Level 1.5 Stealth
 + Level 0.1 Unarmed Combat
 + Level 0.1 Evocations


You had 4 spell levels left.
You didn't know any spells.
Your spell library was empty.

Dungeon Overview and Level Annotations

Branches:
Dungeon (4/15)
 Temple: D:4-7

Altars:
Yredelemnul


Innate Abilities, Weirdness & Mutations

You are small and have problems with some larger weapons.
You are completely attuned to the shadows.


Message History

Press: ? - help, Q - select action, (/) - cycle Shift-Dir - straight line, f/p - scorpion
Aim: a scorpion (almost dead, 66% to hit)
You shoot a bolt. The bolt closely misses the scorpion.
The scorpion stings you but does no damage.
Unknown command.
Unknown command.
Fire: 4 bolts
Press: ? - help, Q - select action, (/) - cycle Shift-Dir - straight line, f/p - scorpion
Aim: a scorpion (almost dead, 65% to hit)
You shoot a bolt. The bolt hits the scorpion!
The bolt freezes the scorpion.
You kill the scorpion!
Yredelemnul accepts your kill.
Your Fighting skill increases to level 3!
Your Armour skill increases to level 1!
You have reached level 5!
You feel clever.
A two-headed ogre comes into view.
It is wielding a +0 giant spiked club and a +0 giant club.
The two-headed ogre shouts in stereo!
Things that are here:
a bolt; a scorpion corpse A giant cockroach comes into view.
Fire: 3 bolts
Press: ? - help, Q - select action, (/) - cycle Shift-Dir - straight line, f - two-headed ogre
Aim: a two-headed ogre, wielding a +0 giant spiked club and a +0 giant club (78% to hit)
You shoot a bolt. The bolt hits the two-headed ogre!
The bolt freezes the two-headed ogre.
The two-headed ogre is moderately wounded.
The two-headed ogre hits you with a +0 giant spiked club!
The two-headed ogre barely misses you.
Things that are here:
a bolt; a scorpion corpse Fire: 2 bolts
Press: ? - help, Q - select action, (/) - cycle Shift-Dir - straight line, f/p - two-headed ogre
Aim: a two-headed ogre, wielding a +0 giant spiked club and a +0 giant club (moderately wounded, 79% to hit)
You shoot a bolt.
The bolt barely misses the two-headed ogre.
The two-headed ogre hits you with a +0 giant spiked club!!
Ouch! That really hurt!
You die...
Your body rises from the dead as a mindless zombie.

#.....#
##...##
##...##
#.....#
#.....#
#.....#
####'####
.###.....#
....@...##
...BO...#
...(....#
......(.#
.(..(...#
........#
........#


You could see a two-headed ogre and a giant cockroach.

Vanquished Creatures
  A scorpion (D:4)
  3 adders
  A worm (D:2)
  2 dart slugs
  2 giant cockroaches
  A goblin (D:3)
  2 hobgoblins
  3 kobolds
  3 oozes (D:2)
  2 quokkas
  A ball python (D:3)
  3 bats
  3 frilled lizards
  3 rats (D:1)
30 creatures vanquished.

Notes
Turn   | Place    | Note
-------+----------+-------------------------------------------
     0 | D:1      | banchobear the Kobold Hunter began the quest for the Orb.
     0 | D:1      | Reached XP level 1. HP: 12/12 MP: 1/1
   273 | D:1      | Reached skill level 5 in Crossbows
   415 | D:1      | Reached XP level 2. HP: 17/17 MP: 2/2
   677 | D:2      | Reached XP level 3. HP: 21/21 MP: 3/3
   727 | D:2      | Reached skill level 6 in Crossbows
  1120 | D:3      | Reached XP level 4. HP: 3/27 MP: 4/4
  1709 | D:3      | Found a basalt altar of Yredelemnul.
  1750 | D:3      | Became a worshipper of Yredelemnul the Dark
  1789 | D:4      | Reached skill level 1 in Armour
  1789 | D:4      | Reached XP level 5. HP: 25/32 MP: 5/5
  1790 | D:4      | Noticed a two-headed ogre
  1795 | D:4      | Mangled by a two-headed ogre

Illustrated notes

Levels and vault maps discovered:
D:1:      kennysheep_arrival_seaside, layout_basic
D:2:      layout_rooms, hangedman_decor_points
D:3:      layout_basic, old_standard_altar, minivault_24
D:4:      layout_gridville, nicolae_overflow_hidden_temple,
          fedhas_altar_fruit_tree, lemuel_round_altar,
          cheibrodos_sewer_entry_sluice

Skill      XL: |  1  2  3  4 |
---------------+-------------+-----
Crossbows      | 5 6 |  6.5
Fighting       | 3 |  3.0
Armour         | 1 |  1.0
Dodging        | |  2.6
Stealth        | |  1.5
Unarmed Combat | |  0.1
Evocations     | |  0.1

Action                   |  1- 3 |  4- 6 || total
-------------------------+-------+-------++-------
Melee: Unarmed           |    11 |       ||    11
 Fire: Hand crossbow     |    61 |    22 ||    83
Evoke: Wand              |     1 |       ||     1
  Use: Scroll            |     6 |     1 ||     7
       Potion            |     1 |     1 ||     2
 Stab: Sleeping          |     1 |       ||     1
Armor: Leather armour    |     7 |       ||     7
       Chain mail        |     2 |    12 ||    14
Dodge: Dodged            |    38 |     9 ||    47

Table legend: (Time is in decaauts)
 A = Elapsed time spent in this place.
 B = Non-inter-level travel time spent in this place.
 C = Inter-level travel time spent in this place.
 D = Time resting spent in this place.
 E = Time spent auto-exploring this place.
 F = Levels seen in this place.
 G = Mean time per level.
                   A        B        C        D        E       F      G
               +--------+--------+--------+--------+--------+-----+--------+
         Total |   1804 |   1804 |      0 |    210 |      0 |   4 |  451.0 |
       Dungeon |   1804 |   1804 |      0 |    210 |      0 |   4 |  451.0 |
               +--------+--------+--------+--------+--------+-----+--------+

Top non-repeatable levels by time:
     D:3: 665 daAuts
     D:1: 579 daAuts
     D:2: 524 daAuts
     D:4: 35 daAuts
